 Dungeon Crawl Stone Soup version 0.27-a0-695-gb4952372f7 (webtiles) character file.

Game seed: 12679699891446967774

102001 sizableburger the Geomancer (level 15, -3/128 HPs)
             Began as a Grey Draconian Earth Elementalist on Mar 21, 2021.
             Was an Elder of Sif Muna.
             Slain by a dire elephant simulacrum (29 damage)
             ... in an ice cave on Mar 22, 2021.
             The game lasted 02:11:37 (38928 turns).

sizableburger the Geomancer (DrEE)                 Turns: 38928, Time: 02:11:39

Health: -3/128     AC: 32    Str: 11    XL:     15   Next: 85%
Magic:  0/26       EV: 14    Int: 22    God:    Sif Muna [****..]
Gold:   3230       SH:  8    Dex: 11    Spells: 3/29 levels left

rFire    . . .     SeeInvis .   n - +4 dagger (elec)
rCold    . . .     Faith    .   z - +3 buckler {AC+3}
rNeg     . . .     Spirit   +   (armour unavailable)
rPois    +         Reflect  .   (helmet restricted)
rElec    .         Harm     .   I - +0 cloak of the Volcano {rPois Int+2 Stlth+}
rCorr    .         Rampage  .   j - +2 pair of gloves {Stlth+}
Will     ++...                  b - +2 pair of boots
Stlth    +++++.....             E - amulet of guardian spirit
HPRegen  0.31/turn              i - ring of willpower
MPRegen  0.20/turn              O - ring of the Tortoise {AC+8}

@: slowed, very slow
A: AC +14, unfitting armour, unbreathing 2, cold-blooded, dopey 1
a: Renounce Religion, Channel Magic, Forget Spell, Divine Exegesis


You were in an ice cave.
You worshipped Sif Muna.
Sif Muna was greatly pleased with you.
You visited 5 branches of the dungeon, and saw 24 of its levels.
You also visited: Ice Cave.

You collected 3873 gold pieces.
You spent 643 gold pieces at shops.

Inventory:

Hand Weapons
 n - a +4 dagger of electrocution (weapon)
Missiles
 q - 344 stones
Armour
 b - a +2 pair of boots (worn)
 j - a +2 pair of gloves of stealth (worn)
 z - a +3 buckler of protection (worn)
 F - a +0 cloak
 I - the +0 cloak of the Volcano (worn) {rPois Int+2 Stlth+}
   (You acquired it on level 9 of the Dungeon)

   It affects your intelligence (+2).
   It protects you from poison.
   It makes you more stealthy.
Magical Staves
 a - a staff of earth
Jewellery
 e - a +6 ring of intelligence
 i - a ring of willpower (right hand)
 k - an amulet of the acrobat
 s - a ring of wizardry
 E - an amulet of guardian spirit (around neck)
 M - a +4 ring of evasion
 O - the ring of the Tortoise (left hand) {AC+8}
   (You found it on level 2 of the Lair of Beasts)

   [ring of protection]

   It affects your AC (+8).
 Y - a ring of magical power
Wands
 p - a wand of mindburst (30)
 u - a wand of iceblast (32)
 v - a wand of paralysis (21)
 G - a wand of flame (10)
 H - a wand of acid (7)
 L - a wand of charming (15)
 S - a wand of polymorph (17)
 U - a wand of digging (7)
Scrolls
 f - 5 scrolls of teleportation
 g - 3 scrolls of magic mapping
 l - 2 scrolls of amnesia
 o - 3 scrolls of immolation
 t - a scroll of blinking
 w - 3 scrolls of fog
 y - 3 scrolls of brand weapon
 A - 3 scrolls of holy word
 B - 2 scrolls of enchant armour
 X - a scroll of vulnerability
Potions
 c - 2 potions of might
 d - 2 potions of attraction
 h - a potion of berserk rage
 m - 4 potions of lignification
 r - 6 potions of magic
 x - a potion of ambrosia
 C - 2 potions of haste
 D - 3 potions of flight
 J - a potion of resistance
 K - 3 potions of mutation
 N - a potion of cancellation
 P - a potion of degeneration {unknown}
 Q - 2 potions of brilliance {unknown}
Miscellaneous
 V - a tin of tremorstones (2/2)


   Skills:
 - Level 10.6 Fighting
 - Level 10.0 Short Blades
 - Level 1.7(3.1) Maces & Flails
 + Level 3.9(4.1) Staves
 - Level 6.2 Dodging
 - Level 6.9 Stealth
 - Level 7.3 Shields
 - Level 7.6 Spellcasting
 + Level 7.8 Conjurations
 - Level 2.0 Translocations
 - Level 8.3 Transmutations
 - Level 2.3 Air Magic
 - Level 11.4 Earth Magic
 - Level 3.1 Poison Magic
 + Level 11.4 Invocations
 + Level 9.9 Evocations


You had 3 spell levels left.
You knew the following spells:

 Your Spells              Type           Power      Damage    Failure   Level
a - Sandblast             Erth           100%       2d20      1%          1
b - Passwall              Tmut/Erth      42%        N/A       1%          2
c - Stone Arrow           Conj/Erth      100%       3d13      1%          3
d - Petrify               Tmut/Erth      51%        N/A       1%          4
e - Blink                 Tloc           N/A        N/A       5%          2
f - Mephitic Cloud        Conj/Pois/Air  27%        N/A       3%          3
g - Lee's Rapid Deconstr  Erth           27%        3d16*     1%          5
h - Statue Form           Tmut/Erth      34%        N/A       21%         6

Your spell library contained the following spells:

 Spells                   Type           Power      Damage    Failure   Level
 Beastly Appendage        Tmut           90%        N/A       1%          1
 Magic Dart               Conj           100%       1d8       1%          1
 Shock                    Conj/Air       100%       1d9       1%          1
 Sting                    Tmut/Pois      100%       1d8       1%          1
 Wereblood                Tmut           45%        N/A       1%          2
 Poisonous Vapours        Pois/Air       40%        N/A       3%          2
 Swiftness                Air            18%        N/A       4%          2
 Conjure Flame            Conj/Fire      25%        6-21      4%          3
 Ignite Poison            Fire/Tmut/Pois 25%        N/A       4%          3
 Animate Skeleton         Necr           16%        N/A       8%          1
 Pain                     Necr           32%        1d5       8%          1
 Gell's Gravitas          Tloc           8%         N/A       11%         3
 Call Imp                 Summ           8%         N/A       12%         2
 Slow                     Hex            8%         N/A       12%         2
 Portal Projectile        Hex/Tloc       24%        N/A       16%         3
 Vampiric Draining        Necr           4%         2d6       24%         3
 Blade Hands              Tmut           22%        N/A       7%          5
 Leda's Liquefaction      Hex/Erth       16%        N/A       8%          4
 Iskenderun's Battlesphe  Conj           42%        2d9       9%          5
 Fulminant Prism          Conj/Hex       12%        3d9       16%         4
 Bolt of Magma            Conj/Fire/Erth 18%        4d10      16%         5
 Alistair's Intoxication  Tmut/Pois      22%        N/A       21%         5
 Olgreb's Toxic Radiance  Pois           22%        N/A       22%         4
 Iron Shot                Conj/Erth      25%        9d5       22%         6
 Manifold Assault         Tloc           17%        N/A       34%         4
 Passage of Golubria      Tloc           N/A        N/A       34%         4
 Yara's Violent Unravell  Hex/Tmut       13%        3d7       36%         5
 Animate Dead             Necr           4%         N/A       61%         4
 Silence                  Hex/Air        6%         N/A       80%         5
 Conjure Ball Lightning   Conj/Air       15%        3x3d6     83%         6
 Agony                    Necr           8%         N/A       91%         5
 Orb of Destruction       Conj           21%        9d9       95%         7
 Freezing Cloud           Conj/Ice/Air   11%        6-21      96%         6
 Dispersal                Tloc           8%         N/A       99%         6
 Spellforged Servitor     Conj/Summ      12%        N/A       100%        7
 Disjunction              Tloc           8%         N/A       100%        8


Dungeon Overview and Level Annotations

Branches:
Dungeon (11/15)            Temple (1/1) D:5            Lair (6/6) D:9
 Shoals (0/4) Lair:3        Snake (4/4) Lair:2        Slime (0/5) Lair:5
    Orc (2/2) D:11            Elf (0/3) Orc:2         IceCv (1/1)

Altars:
Ashenzari
Cheibriados
Dithmenos
Elyvilon
Fedhas
Gozag
Hepliaklqana
Kikubaaqudgha
Makhleb
Nemelex Xobeh
Okawaru
Qazlal
Ru
Sif Muna
Trog
Uskayaw
Vehumet
Wu Jian
Xom
Yredelemnul
Zin
The Shining One
Beogh

Shops:
D:10 *   Orc:1 =   Orc:2 [!*(   Snake:3 *

Annotations:
D:9 1 transporter, Rennog's ghost, novice TrMo


Innate Abilities, Weirdness & Mutations

Your dull iron-grey scales are very hard. (AC +14)
You cannot fit into any form of body armour.
You can survive without breathing, even under water.
You are cold-blooded and may be slowed by cold attacks.
You are dopey. (Int -2)


Message History

You completely miss the dire elephant simulacrum.
You tail-slap the dire elephant simulacrum, but do no damage.
The dire elephant simulacrum is lightly damaged.
The dire elephant simulacrum barely misses you.
The dire elephant simulacrum misses you.
You hit the dire elephant simulacrum.
Lightning courses through the dire elephant simulacrum!
The dire elephant simulacrum is moderately damaged.
You block the dire elephant simulacrum's attack.
The dire elephant simulacrum misses you.
You hit the dire elephant simulacrum but do no damage.
Lightning courses through the dire elephant simulacrum!!
You tail-slap the dire elephant simulacrum.
The dire elephant simulacrum is severely damaged.
You hit the dire elephant simulacrum.
The dire elephant simulacrum is almost destroyed.
The dire elephant simulacrum tramples you!
The dire elephant simulacrum freezes you!!
You feel yourself slow down.
* * * LOW HITPOINT WARNING * * *
The dire elephant simulacrum trunk-slaps you but does no damage.
Aiming: Throw Flame
Press: ? - help, Shift-Dir - straight line, f - dire elephant simulacrum
Aim: a dire elephant simulacrum (almost destroyed, 0% to evade)
The puff of flame hits the dire elephant simulacrum but does no damage.
The dire elephant simulacrum is almost destroyed.
You revert to your normal fleshy form.
Your +2 pair of gloves of stealth unmelds from your body.
Your +2 pair of boots unmelds from your body.
You feel stealthy.
You feel yourself speed up.
The dire elephant simulacrum tramples you but does no damage.
The dire elephant simulacrum completely misses you.
You feel better.
The dire elephant simulacrum tramples you but does no damage.
The dire elephant simulacrum trunk-slaps you.
* * * LOW HITPOINT WARNING * * *
The dire elephant simulacrum freezes you!!
You feel yourself slow down.
You die...

###
##..#
#.∩.#
##..#
#.∩.#
#...#
##...#
#@Z.##
##...#
#..##
##.##
##..#
##.§##
##☼.##
#°.≈°#
##.§#☼#


You could see a dire elephant simulacrum.

Vanquished Creatures
  Kirke (Lair:6)
  An orc warlord (D:11)
  A war gargoyle (D:11)
  Snorg (Lair:4)
  3 ettins
  7 naga warriors
  A rakshasa (D:11)
  Fannar (Orc:1)
  7 hydras
  A death knight (D:11)
  An anaconda (Snake:1)
  4 catoblepae (Lair:6)
  2 two-headed ogres
  13 death yaks
  2 shock serpents (Snake:3)
  6 orc high priests (Orc:2)
  6 naga sharpshooters
  Nergalle (Lair:2)
  2 salamander mystics
  A naga ritualist (Snake:3)
  4 orc knights
  6 mana vipers
  2 manticores (Lair:6)
  5 salamanders
  5 orc sorcerers
  2 cyclopes (D:11)
  10 elephants
  21 black mambas
  An ice statue (Snake:4)
  3 guardian serpents
  11 naga magi
  A torpor snail (Lair:6)
  9 cane toads
  3 rime drakes
  7 komodo dragons
  A freezing wraith (IceCv)
  An anaconda simulacrum (IceCv)
  5 trolls
  A hornet (Lair:3)
  Grinder (D:4)
  8 dream sheep
  21 blink frogs
  5 wyverns
  37 yaks
  11 basilisks
  Grum (Lair:1)
  34 nagas
  7 wargs
  12 water moccasins
  2 black bears
  22 orc warriors
  4 ice beasts
  2 sky beasts (D:9)
  11 ogres
  A necrophage (D:9)
  24 wolves
  7 centaurs
  3 phantoms
  A kobold brigand (D:10)
  13 bullfrogs
  A wyvern skeleton (D:8)
  A water moccasin skeleton (D:10)
  3 scorpions
  7 killer bees (D:9)
  9 wights
  3 vampire bats (D:4)
  3 howler monkeys
  A centaur zombie (D:6)
  3 draconian simulacra (IceCv)
  2 bullfrog skeletons
  5 hounds
  38 orc priests
  4 jellies
  18 orc wizards
  Natasha (thrice) (D:3)
  5 iguanas
  13 hell rats
  A spriggan simulacrum (IceCv)
  4 worker ants
  A killer bee zombie (D:6)
  A centaur simulacrum (IceCv)
  A hound zombie (D:5)
  4 worker ant zombies
  A howler monkey zombie (D:8)
  Robin (D:2)
  9 adders
  4 gnolls (D:8)
  2 shadow imps
  3 white imps
  3 oozes
  An adder skeleton (D:8)
  2 adder zombies
  A worm (D:2)
  5 dart slugs
  2 leopard geckos
  86 orcs
  4 ball pythons
  3 bat skeletons (D:4)
  4 bat zombies (D:4)
  7 giant cockroaches
  15 goblins
  11 hobgoblins
  15 jackals
  3 quokkas
  6 bats
  3 frilled lizards
  20 kobolds
  A leopard gecko skeleton (D:4)
  A leopard gecko zombie (D:5)
  11 rats
742 creatures vanquished.

Vanquished Creatures (collateral kills)
  Aizul (Snake:3)
  A naga (Snake:3)
2 creatures vanquished.

Vanquished Creatures (others)
  2 yaks (Lair:6)
  5 humans (Lair:6)
  A worker ant (D:4)
  An orc (Orc:1)
  30 fungi
  66 plants
105 creatures vanquished.

Grand Total: 849 creatures vanquished

Notes
Turn   | Place    | Note
-------+----------+-------------------------------------------
     0 | D:1      | sizableburger the Draconian Earth Elementalist began the
                  | quest for the Orb.
     0 | D:1      | Reached XP level 1. HP: 14/14 MP: 3/3
   362 | D:1      | Reached XP level 2. HP: 20/20 MP: 5/5
   586 | D:1      | Learned a level 2 spell: Passwall
   908 | D:1      | Reached XP level 3. HP: 26/26 MP: 6/6
  1116 | D:1      | Reached skill level 1 in Maces & Flails
  1463 | D:1      | Learned a level 3 spell: Stone Arrow
  2455 | D:2      | Noticed Robin
  2476 | D:2      | Reached XP level 4. HP: 32/33 MP: 4/7
  2476 | D:2      | Killed Robin
  2501 | D:2      | Reached skill level 1 in Conjurations
  2603 | D:2      | Found a radiant altar of Vehumet.
  3519 | D:3      | Noticed Natasha
  3530 | D:3      | Killed Natasha
  3586 | D:3      | Reached XP level 5. HP: 38/38 MP: 8/8
  3870 | D:3      | Noticed Natasha
  3876 | D:3      | Killed Natasha
  3877 | D:3      | Reached skill level 1 in Short Blades
  4370 | D:3      | Noticed Natasha
  4380 | D:3      | Killed Natasha
  4579 | D:3      | Reached XP level 6. HP: 31/45 MP: 3/9
  4824 | D:4      | Identified 2 scrolls of acquirement
  4824 | D:4      | Acquired a staff of earth
  4826 | D:4      | Acquired a +1 pair of gloves of stealth
  4835 | D:4      | Noticed Grinder
  4838 | D:4      | Paralysed by Grinder for 5 turns
  5684 | D:4      | Killed Grinder
  5685 | D:4      | Your scales start taking on a dull iron-grey colour.
  5685 | D:4      | Reached skill level 5 in Earth Magic
  5685 | D:4      | Reached XP level 7. HP: 50/50 MP: 10/10
  5685 | D:4      | Gained mutation: You can survive without breathing. [Grey
                  | Draconian growth]
  5685 | D:4      | Gained mutation: You can survive without breathing, even
                  | under water. [Grey Draconian growth]
  5690 | D:4      | Learned a level 4 spell: Petrify
  5773 | D:4      | Acquired a +2 buckler of protection
  5806 | D:4      | Found an ancient bone altar of Kikubaaqudgha.
  5840 | D:4      | Reached skill level 1 in Shields
  6050 | D:5      | Entered Level 5 of the Dungeon
  6089 | D:5      | Identified Ethre's Volume of Weightlessness and Beguiling
  6196 | D:5      | Found a staircase to the Ecumenical Temple.
  6261 | Temple   | Entered the Ecumenical Temple
  6408 | Temple   | Became a worshipper of Sif Muna the Loreminder
  6473 | D:5      | Reached XP level 8. HP: 45/57 MP: 6/11
  6763 | D:5      | Reached skill level 1 in Fighting
  7097 | D:6      | Reached skill level 1 in Invocations
  7870 | D:6      | Found a snail-covered altar of Cheibriados.
  7870 | D:6      | Found a burning altar of Makhleb.
  8103 | D:7      | Found an ornate altar of the Wu Jian Council.
  8251 | D:6      | Reached skill level 5 in Short Blades
  8473 | D:7      | Reached XP level 9. HP: 70/70 MP: 13/13
  8501 | D:7      | Found a glowing golden altar of the Shining One.
  8550 | D:7      | Learned a level 2 spell: Blink
  8556 | D:7      | Reached * piety under Sif Muna
  8566 | D:7      | Found a shadowy altar of Dithmenos.
  8656 | D:7      | Reached skill level 1 in Translocations
  8765 | D:7      | Found a stormy altar of Qazlal.
  9447 | D:8      | Found a hide-covered altar of Uskayaw.
  9680 | D:8      | Reached ** piety under Sif Muna
  9850 | D:9      | Found a transporter.
  9851 | D:9      | Noticed Rennog's ghost (novice TrMo)
  9853 | D:9      | Found a transporter.
  9856 | D:9      | Noticed a queen bee
  9881 | D:9      | Reached skill level 5 in Fighting
 10075 | D:9      | Reached skill level 5 in Invocations
 10143 | D:9      | Acquired the +0 cloak of the Volcano {rPois Int+2 Stlth+}
 10328 | D:9      | Found a staircase to the Lair.
 10479 | D:9      | Reached skill level 5 in Dodging
 10593 | D:9      | Reached XP level 10. HP: 81/81 MP: 2/14
 10724 | D:9      | Found a hazy altar of Hepliaklqana.
 10819 | D:9      | Found a glowing golden altar of the Shining One.
 10830 | D:9      | Acquired 859 gold pieces
 11076 | Lair:1   | Entered Level 1 of the Lair of Beasts
 11085 | Lair:1   | Learned a level 3 spell: Mephitic Cloud
 11085 | Lair:1   | Noticed a cane toad
 11089 | Lair:1   | Killed a cane toad
 11190 | Lair:1   | Reached skill level 1 in Poison Magic
 11250 | Lair:1   | Noticed a cane toad
 11257 | Lair:1   | Killed a cane toad
 11494 | Lair:1   | Noticed a black mamba
 11501 | Lair:1   | Killed a black mamba
 11502 | Lair:1   | Reached skill level 1 in Air Magic
 11536 | Lair:1   | Noticed Grum
 11634 | Lair:1   | Killed Grum
 11812 | Lair:1   | Reached skill level 1 in Evocations
 12284 | Lair:1   | Noticed a seven-headed hydra
 12292 | Lair:1   | Killed a seven-headed hydra
 12293 | Lair:1   | Reached XP level 11. HP: 86/86 MP: 8/17
 12581 | Lair:2   | Reached *** piety under Sif Muna
 13046 | Lair:2   | Found a staircase to the Snake Pit.
 13473 | Lair:2   | Noticed Nergalle
 13491 | Lair:2   | Killed Nergalle
 13492 | Lair:2   | Reached skill level 5 in Transmutations
 13867 | Lair:2   | Found the ring of the Tortoise {AC+8}
 14373 | Lair:3   | Found a staircase to the Shoals.
 14419 | Lair:2   | Reached skill level 5 in Conjurations
 14713 | Lair:3   | Reached **** piety under Sif Muna
 14899 | Lair:3   | Reached skill level 5 in Evocations
 14899 | Lair:3   | Reached XP level 12. HP: 94/94 MP: 18/18
 15591 | Lair:3   | Noticed an eight-headed hydra
 15601 | Lair:3   | Killed an eight-headed hydra
 15957 | Lair:4   | Noticed an eight-headed hydra
 16089 | Lair:4   | Noticed a death yak
 16241 | Lair:3   | Killed an eight-headed hydra
 16544 | Lair:4   | Noticed a death yak
 16544 | Lair:4   | Noticed a death yak
 16906 | Lair:2   | Killed a death yak
 16997 | Lair:4   | Noticed a death yak
 16997 | Lair:4   | Noticed a death yak
 17089 | Lair:2   | Killed a death yak
 17406 | Lair:3   | Killed a death yak
 17577 | Lair:3   | Killed a death yak
 17822 | Lair:3   | Reached skill level 10 in Short Blades
 17840 | Lair:3   | Killed a death yak
 17841 | Lair:3   | Reached skill level 10 in Invocations
 18936 | Lair:4   | Noticed Snorg
 18953 | Lair:4   | Killed Snorg
 19519 | Lair:5   | Reached XP level 13. HP: 101/101 MP: 20/20
 19995 | Lair:5   | Found a staircase to the Slime Pits.
 20408 | Lair:6   | Entered Level 6 of the Lair of Beasts
 21378 | Lair:5   | Reached skill level 5 in Spellcasting
 22179 | Lair:6   | Learned a level 5 spell: Lee's Rapid Deconstruction
 22241 | Lair:6   | Reached ***** piety under Sif Muna
 22241 | Lair:6   | Received a gift from Sif Muna
 22589 | Lair:6   | Reached skill level 5 in Stealth
 22756 | Lair:6   | Noticed Kirke
 22782 | Lair:6   | Killed Kirke
 23373 | Lair:6   | Reached XP level 14. HP: 106/115 MP: 15/22
 23484 | Lair:6   | Identified the ring "Kehun Heo" {+Inv +Fly rPois Str+4
                  | Int-4}
 23911 | Lair:6   | Reached skill level 10 in Earth Magic
 24374 | Lair:6   | Reached skill level 5 in Shields
 24737 | D:10     | Entered Level 10 of the Dungeon
 24940 | D:10     | Found Ciufykk's Assorted Antiques.
 25069 | D:10     | Bought a warped tin ring for 135 gold pieces
 25069 | D:10     | Identified the ring of Biraom {rC+ rN+ Str+4 Int-4 Slay+2}
                  | (You bought it in a shop on level 10 of the Dungeon)
 26311 | D:11     | Noticed a war gargoyle
 26322 | D:11     | Killed a war gargoyle
 26729 | D:11     | Found a staircase to the Orcish Mines.
 26733 | D:11     | Identified Sif Muna's Papyrus of Cloudy Moulding (Sif Muna
                  | gifted it to you on level 11 of the Dungeon)
 26733 | D:11     | Received a gift from Sif Muna
 27159 | Orc:1    | Entered Level 1 of the Orcish Mines
 27175 | Orc:1    | Noticed Fannar
 27179 | Orc:1    | Noticed an orc warlord
 27191 | Orc:1    | Killed Fannar
 27508 | D:11     | Killed an orc warlord
 27969 | Orc:1    | Found Qerur's Jewellery Boutique.
 28127 | Orc:2    | Entered Level 2 of the Orcish Mines
 28446 | Orc:2    | Found a staircase to the Elven Halls.
 29628 | Orc:2    | Found Xuly Fos's Assorted Antiques.
 29628 | Orc:2    | Found Sulemetze's Weapon Boutique.
 29696 | Orc:2    | Identified Noating's Volume of the Rocks and Intoxication
                  | (Sif Muna gifted it to you on level 2 of the Orcish Mines)
 29696 | Orc:2    | Received a gift from Sif Muna
 29723 | Orc:2    | Learned a level 6 spell: Statue Form
 29792 | Orc:2    | Found Vymn's Antique Armour Shoppe.
 29792 | Orc:2    | Found Uhous's Distillery.
 29934 | Orc:2    | Reached skill level 10 in Fighting
 30181 | Orc:2    | Bought a potion of mutation for 96 gold pieces
 30195 | Orc:2    | Bought a pair of glowing gloves for 240 gold pieces
 31837 | Snake:1  | Entered Level 1 of the Snake Pit
 31892 | Snake:1  | Reached XP level 15. HP: 125/126 MP: 18/25
 32896 | Snake:1  | Received a gift from Sif Muna
 34517 | Snake:2  | You fall into a shaft and drop 1 floor!
 34930 | Snake:3  | Reached skill level 1 in Staves
 36965 | Snake:3  | Found Miuntoa's Assorted Antiques.
 36973 | Snake:3  | Bought a scroll of enchant weapon for 172 gold pieces
 37276 | Snake:3  | Noticed Aizul
 37287 | Snake:3  | Killed Aizul
 38261 | Snake:3  | Gained mutation: You are dopey. (Int -2) [mutagenic glow]
 38534 | Snake:4  | Entered Level 4 of the Snake Pit
 38592 | Snake:4  | Found a frozen archway.
 38724 | IceCv    | Entered an ice cave
 38928 | IceCv    | Slain by a dire elephant simulacrum

Illustrated notes

Levels and vault maps discovered:
D:1:      dpeg_cavernosity, layout_rooms, nrook_loot_triangle
D:2:      layout_basic, vehumet_crystals, roderic_roman_lattice, uniq_robin
D:3:      layout_loops_corners, uniq_natasha
D:4:      layout_rooms, kennysheep_vampire_church, uniq_grinder
D:5:      layout_rooms, minmay_temple_entry_nine_rooms
D:6:      layout_basic, gammafunk_temple_overflow_elements
D:7:      nicolae_whirlpool, layout_cave_pools, kennysheep_mini,
          lemuel_crystal_altar, basic_altar, grunt_dithmenos_smoke_and_mirrors
D:8:      layout_rooms, lemuel_doored_altar, minmay_holes
D:9:      layout_irregular_city, lemuel_coloured_pillars_altar,
          nzn_hepliaklqana_mist_gate, lair_entry_dummy, gammafunk_ghost_hive
D:10:     layout_gridville, serial_shops, nicolae_shop_overgrown_old_shop,
          minivault_4
D:11:     minmay_shrinking_squares, layout_rooms, orc_david_3
Temple:   nicolae_temple_figure_eight
Lair:1:   layout_long_grid, lemuel_old_faithful, uniq_grum
Lair:2:   layout_cave_pods, minmay_snake_entry_guardpost_medium,
          infiniplex_staircase_pool, uniq_nergalle
Lair:3:   layout_regular_city, minmay_shoals_entry_centaurs
Lair:4:   layout_cave_pods, kennysheep_basilisk_garden, uniq_snorg
Lair:5:   layout_cave_pods, dpeg_slime_entry_corner,
          grunt_forest_small_clearings, serial_bayou_crossing
Lair:6:   evilmike_catoblepas_cave, layout_cave_pods, grunt_megastairs_2,
          uniq_kirke
Snake:1:  layout_basic, hangedman_snake_corridor_cut, grunt_megastairs_3
Snake:2:  layout_basic
Snake:3:  nicolae_snake_nest, layout_grid_maze, serial_shops,
          nicolae_shop_behind_doors, uniq_aizul
Snake:4:  grunt_snake_rune_pools, layout_cave_town,
          portal_ice_cave_entry_ice_statue_one, grunt_megastairs_1,
          serial_bayou_shore_a
Orc:1:    layout_caves, minmay_shop_enchanted_jewellery, uniq_fannar
Orc:2:    st_orc_town, layout_diamond_mine
IceCv:    ice_cave_caverns_02

Skill      XL: |  1  2  3  4  5  6  7  8  9 10 11 12 13 14 15 |
---------------+----------------------------------------------+-----
Dodging        | 2 3 4 5 6 |  6.2
Maces & Flails | 1 |  1.7
Transmutations | 2 3 4 6 7 8 |  8.3
Conjurations   | 1 2 3 5 6 7 |  7.8
Short Blades   | 1 3 4 5 6 8 9 10 | 10.0
Earth Magic    | 4 5 6 7 9 11 | 11.4
Shields        | 2 3 4 7 |  7.3
Fighting       | 3 5 8 10 | 10.6
Invocations    | 2 5 7 8 10 11 | 11.4
Spellcasting   | 3 4 5 7 |  7.6
Translocations | 2 |  2.0
Poison Magic   | 3 |  3.1
Air Magic      | 2 |  2.3
Evocations     | 2 5 7 9 |  9.9
Stealth        | 5 6 |  6.9
Staves         | 3 |  3.9

Action                   |  1- 3 |  4- 6 |  7- 9 | 10-12 | 13-15 || total
-------------------------+-------+-------+-------+-------+-------++-------
Melee: Whip              |   144 |    54 |       |       |       ||   198
       Tailslap          |    14 |    18 |    39 |    86 |   228 ||   385
       Dagger            |       |   154 |   341 |   759 |  1892 ||  3146
 Cast: Sandblast         |    33 |     9 |    25 |    26 |    15 ||   108
       Stone Arrow       |       |     6 |    13 |    17 |    63 ||    99
       Passwall          |       |     1 |       |       |    15 ||    16
       Petrify           |       |       |     4 |    34 |    78 ||   116
       Mephitic Cloud    |       |       |       |    18 |    96 ||   114
       Blink             |       |       |       |       |    15 ||    15
       Statue Form       |       |       |       |       |    31 ||    31
       Lee's Rapid Decon |       |       |       |       |    11 ||    11
Evoke: Wand              |       |     1 |       |    10 |    25 ||    36
       Tin of tremorston |       |       |       |       |     2 ||     2
  Use: Potion            |       |     3 |       |     2 |     6 ||    11
       Scroll            |       |     6 |     4 |    13 |    14 ||    37
 Stab: Sleeping          |     2 |     5 |    11 |    12 |    25 ||    55
       Paralysed         |       |     3 |       |     2 |       ||     5
       Petrifying        |       |       |     3 |     4 |    12 ||    19
       Petrified         |       |       |     1 |    25 |    64 ||    90
       Distracted        |       |       |     2 |       |       ||     2
       Confused          |       |       |       |    16 |    59 ||    75
Armor: Skin              |    53 |    60 |   101 |   236 |   765 ||  1215
Dodge: Dodged            |    98 |   107 |   178 |   348 |   774 ||  1505
Block: Buckler           |       |       |    92 |   206 |   644 ||   942

Table legend: (Time is in decaauts)
 A = Elapsed time spent in this place.
 B = Non-inter-level travel time spent in this place.
 C = Inter-level travel time spent in this place.
 D = Time resting spent in this place.
 E = Time spent auto-exploring this place.
 F = Levels seen in this place.
 G = Mean time per level.
                   A        B        C        D        E       F      G
               +--------+--------+--------+--------+--------+-----+--------+
         Total |  38351 |  36493 |   1858 |  14814 |  13274 |  25 | 1534.0 |
       Dungeon |  13771 |  13053 |    718 |   4300 |   5634 |  11 | 1251.9 |
        Temple |    160 |    119 |     41 |      0 |      0 |   1 |  160.0 |
          Lair |  13171 |  12308 |    863 |   5138 |   4470 |   6 | 2195.2 |
     Snake Pit |   7236 |   7070 |    166 |   3483 |   2256 |   4 | 1809.0 |
  Orcish Mines |   3763 |   3694 |     69 |   1735 |    913 |   2 | 1881.5 |
      Ice Cave |    247 |    247 |      0 |    156 |      0 |   1 |  247.0 |
               +--------+--------+--------+--------+--------+-----+--------+

Top non-repeatable levels by time:
  Lair:6: 3043 daAuts
   Orc:2: 2724 daAuts
 Snake:1: 2712 daAuts
  Lair:3: 2582 daAuts
  Lair:2: 2534 daAuts
 Snake:3: 2530 daAuts
    D:11: 2172 daAuts
  Lair:5: 1900 daAuts
  Lair:1: 1818 daAuts
 Snake:2: 1808 daAuts
     D:1: 1767 daAuts
     D:3: 1740 daAuts
     D:2: 1733 daAuts
     D:6: 1334 daAuts
  Lair:4: 1292 daAuts
